Map: Lightshade LE

Players

MaNa

  • Race: Protoss Protoss

ShoWTimE - Winner!

  • Race: Protoss Protoss

Event: DreamHack SC2 Masters 2021 Winter

VOD

Have the link to the VOD?

Description

Time

  • Played on: Oct. 7, 2021, 10:25 a.m.
  • Length: 11:24

All games in this series

Show
View Real Time Build Order
Export as new Build Order

MaNa Protoss 

Build Orders: Blink Stalkers, Zealot Archon 

Get SALT Encoding   

  12  0:00  Probe  
  13  0:12  Probe  
  14  0:17  Pylon  
  14  0:24  Probe (Chrono Boost)  
  15  0:36  Probe (Chrono Boost), Gateway  
  16  0:44  Probe (Chrono Boost)  
  16  0:47  Assimilator  
  17  0:51  Probe  
  17  0:55  Assimilator  
  18  1:03  Probe (Chrono Boost)  
  19  1:07  Gateway  
  20  1:12  Probe (Chrono Boost)  
  20  1:17  Probe (Chrono Boost)  
  20  1:24  Cybernetics Core  
  21  1:29  Probe  
  22  1:34  Pylon  
  22  1:41  Probe  
  23  1:53  Probe  
  24  1:57  Warp Gate (Chrono Boost)  
  24  2:00  Stalker  
  26  2:02  Stalker  
  26  2:08  Probe  
  29  2:24  Shield Battery  
  29  2:33  Pylon  
  30  2:39  Probe  
  31  2:48  Nexus  
  31  2:50  Pylon  
  29  2:51  Probe  
  29  2:58  Twilight Council  
  30  3:03  Probe  
  31  3:08  Shield Battery  
  31  3:15  Probe  
  32  3:27  Probe  
  33  3:35  Blink  
  33  3:39  Probe  
  34  3:42  Stalker x2  
  38  3:50  Pylon  
  38  3:52  Probe  
  39  4:01  Probe  
  40  4:04  Probe (Chrono Boost)  
  40  4:06  Sentry  
  40  4:07  Sentry  
  45  4:12  Robotics Facility  
  45  4:13  Probe (Chrono Boost)  
  45  4:16  Probe (Chrono Boost)  
  47  4:21  Phoenix  
  47  4:23  Probe (Chrono Boost)  
  49  4:24  Probe (Chrono Boost)  
  49  4:28  Pylon, Probe (Chrono Boost)  
  49  4:30  Probe  
  51  4:39  Probe (Chrono Boost)  
  51  4:43  Nexus  
  53  4:46  Probe (Chrono Boost)  
  53  4:52  Probe (Chrono Boost)  
  54  4:57  Probe (Chrono Boost)  
  55  5:01  Immortal, Probe  
  55  5:06  Probe (Chrono Boost)  
  61  5:14  Probe (Chrono Boost)  
  62  5:15  Forge, Shield Battery  
  62  5:18  Probe (Chrono Boost)  
  63  5:25  Probe (Chrono Boost)  
  63  5:26  Gateway x2  
  63  5:28  Probe (Chrono Boost)  
  65  5:29  Pylon  
  65  5:32  Probe (Chrono Boost), Gateway  
  65  5:34  Probe  
  66  5:40  Observer  
  68  5:45  Protoss Ground Weapons Level 1 (Chrono Boost)  
  68  5:48  Stalker x2  
  72  5:50  Probe x2  
  72  5:54  Assimilator  
  74  5:58  Probe  
  74  6:02  Probe  
  76  6:06  Probe  
  76  6:07  Phoenix  
  76  6:09  Charge  
  76  6:10  Probe  
  76  6:11  Pylon  
  78  6:16  Gateway  
  78  6:17  Gateway, Templar Archives  
  78  6:21  Gateway  
  78  6:22  Probe  
  78  6:23  Probe x2  
  81  6:27  Gateway  
  81  6:36  Immortal (Chrono Boost)  
  85  6:48  Pylon  
  85  6:54  Zealot x5  
  92  7:07  Pylon x2  
  92  7:09  Warp Prism (Chrono Boost)  
  92  7:16  High Templar x2, Zealot x2  
  100  7:23  Archon  
  100  7:24  Gateway x2  
  100  7:26  Nexus  
  100  7:27  Pylon  
  100  7:36  High Templar x2, Zealot x4  
  100  7:37  Zealot  
  114  7:40  Archon  
  114  7:50  Probe  
  112  7:52  Zealot x2  
  112  7:55  Pylon  
  112  7:58  Zealot x4  
  124  8:02  Probe  
  123  8:19  High Templar x2, Zealot x4  
  127  8:20  Zealot x3  
  127  8:25  Protoss Ground Weapons Level 2 (Chrono Boost), Archon  
  133  8:28  Photon Cannon  
  133  8:38  Pylon  
  133  8:40  Pylon  
  133  8:41  Probe x4  
  137  8:50  Zealot x5  
  137  8:52  Pylon  
  147  8:57  Assimilator  
  129  9:04  Zealot x6  
  109  9:12  Zealot  
  109  9:16  Zealot x4  
  85  9:28  High Templar x2  
  85  9:29  Zealot x4  
  84  9:33  Archon  
  84  9:34  Zealot  
  84  9:38  High Templar  
  84  9:40  High Templar  
  84  9:41  Zealot x2  
  84  9:44  Shield Battery  
  84  9:45  Archon  
  86  9:51  Zealot  
  86  9:52  Zealot x3  
  94  9:58  Zealot x4  
  97  10:01  Zealot  
  97  10:05  Zealot x4  
  105  10:12  High Templar  
  105  10:13  High Templar, Zealot x2  
  113  10:17  Archon  
  113  10:21  Zealot x3  
  119  10:32  Zealot x4  
  123  10:36  Zealot x2  
  109  10:46  High Templar x2, Zealot x3  
  119  10:50  Archon  
  119  10:52  Zealot  
  119  10:53  Zealot x2  
  121  11:00  Zealot x3  
  94  11:06  Zealot  
  94  11:08  Probe  
  54  11:19  Zealot x3  
Show
View Real Time Build Order
Export as new Build Order

ShoWTimE Protoss - Winner!

Build Orders: Phoenix Opening, Blink Stalkers, Zealot Archon 

Get SALT Encoding   

  12  0:00  Probe  
  13  0:12  Probe  
  14  0:17  Pylon  
  14  0:24  Probe (Chrono Boost)  
  15  0:36  Gateway, Probe (Chrono Boost)  
  16  0:44  Probe (Chrono Boost)  
  16  0:45  Assimilator  
  17  0:51  Probe  
  18  1:03  Probe (Chrono Boost)  
  19  1:04  Assimilator  
  19  1:10  Gateway  
  19  1:14  Probe (Chrono Boost)  
  20  1:18  Probe (Chrono Boost)  
  20  1:23  Cybernetics Core  
  21  1:29  Probe  
  22  1:34  Pylon  
  22  1:41  Probe  
  23  1:53  Probe  
  24  2:00  Sentry, Warp Gate (Chrono Boost), Stalker  
  28  2:03  Pylon  
  28  2:26  Stalker  
  30  2:30  Stalker  
  30  2:33  Phoenix  
  31  2:53  Nexus  
  31  2:54  Probe  
  32  3:00  Sentry x2  
  36  3:06  Pylon, Probe  
  37  3:18  Probe (Chrono Boost)  
  38  3:21  Twilight Council  
  38  3:31  Probe (Chrono Boost)  
  39  3:35  Phoenix  
  39  3:38  Probe (Chrono Boost)  
  40  3:45  Probe  
  41  3:51  Blink (Chrono Boost)  
  41  3:54  Shield Battery  
  41  3:57  Probe  
  41  3:59  Stalker  
  44  4:05  Probe  
  44  4:09  Probe  
  46  4:11  Phoenix  
  46  4:12  Stalker  
  48  4:17  Probe  
  48  4:21  Probe  
  48  4:22  Robotics Facility  
  50  4:29  Probe  
  51  4:32  Pylon  
  51  4:33  Probe  
  51  4:38  Stalker  
  54  4:41  Probe  
  54  4:42  Stalker  
  58  4:45  Probe  
  58  4:53  Forge, Probe  
  58  4:56  Phoenix  
  58  4:57  Probe  
  60  5:04  Gateway x2  
  60  5:05  Probe  
  61  5:09  Probe  
  61  5:11  Observer  
  61  5:13  Assimilator  
  63  5:17  Probe  
  63  5:20  Pylon, Protoss Ground Weapons Level 1 (Chrono Boost)  
  64  5:22  Probe  
  65  5:33  Nexus  
  65  5:35  Phoenix  
  65  5:36  Probe x2  
  65  5:39  Shield Battery  
  67  5:45  Immortal (Chrono Boost)  
  71  5:51  Probe  
  71  5:52  Probe  
  73  5:58  Pylon  
  73  6:03  Probe  
  73  6:04  Probe  
  75  6:15  Pylon  
  75  6:16  Probe x2  
  77  6:18  Phoenix  
  77  6:22  Charge  
  77  6:25  Warp Prism  
  79  6:28  Probe x2  
  81  6:35  Gateway, Templar Archives  
  81  6:38  Gateway  
  81  6:40  Probe x2  
  81  6:43  Gateway  
  83  6:48  Gateway  
  83  6:50  Probe  
  83  6:52  Probe x2  
  86  6:59  Zealot x3  
  92  7:02  Pylon, Probe  
  92  7:04  Protoss Ground Weapons Level 2 (Chrono Boost), Zealot  
  92  7:07  Pylon  
  95  7:15  Pylon  
  95  7:23  High Templar x2, Zealot  
  95  7:27  Archon  
  95  7:29  Shield Battery  
  102  7:30  Probe  
  102  7:32  Pylon  
  102  7:33  Phoenix x2  
  102  7:34  Zealot  
  102  7:35  Zealot x2  
  102  7:36  Pylon  
  108  7:40  Nexus  
  108  7:44  Pylon  
  108  7:45  High Templar  
  108  7:51  High Templar, Zealot  
  112  7:55  Pylon  
  112  7:57  Zealot x4, Archon  
  122  8:06  Zealot  
  122  8:12  Probe x2  
  120  8:15  Zealot  
  120  8:18  Phoenix  
  122  8:20  Zealot x5  
  122  8:23  Gateway  
  122  8:25  Gateway  
  122  8:26  Zealot x2  
  136  8:31  Shield Battery  
  136  8:41  High Templar x2, Zealot x4  
  140  8:46  Archon  
  148  8:49  Zealot x2  
  148  8:50  Pylon  
  132  9:02  Zealot x2  
  132  9:03  Zealot x2  
  132  9:09  Zealot x2  
  108  9:15  Zealot x2  
  102  9:17  Zealot  
  96  9:25  Zealot x5  
  96  9:30  High Templar  
  96  9:31  High Templar  
  100  9:38  Archon  
  100  9:39  Zealot x2  
  100  9:40  Zealot  
  100  9:42  Zealot x2  
  100  9:44  Probe x3  
  100  9:45  Probe  
  114  10:01  Zealot x9  
  114  10:02  Zealot  
  114  10:06  Observer  
  133  10:22  Zealot x4, Stalker x4  
  133  10:24  Zealot  
  133  10:26  Zealot  
  133  10:43  Zealot x4  
  133  10:46  Stalker x5  
  151  10:52  Zealot  
  153  11:03  Zealot x2  
  153  11:04  Zealot x2  
  133  11:10  Zealot x5  
  113  11:15  Zealot  

Tags
 
Add a new tag
Caveats
  • Supply blocks, unpowered buildings, or Contaminate may cause inaccurate times.
  • Supply counts are checked every 10 seconds.